 Dungeon Crawl Stone Soup version 0.28-b1-1-g3c77fb2ed1 (webtiles) character file.

Game seed: 17672082986167550374

22 cbfl8 the Sneak (level 2, 0/27 HPs)
             Began as a Minotaur Delver on Jan 30, 2022.
             Slain by a water moccasin zombie (4 damage)
             ... on level 5 of the Dungeon.
             The game lasted 00:01:01 (148 turns).

cbfl8 the Sneak (Minotaur Delver)                    Turns: 148, Time: 00:01:01

Health: 0/27       AC:  6    Str: 16    XL:     2   Next: 68%
Magic:  1/1        EV:  9    Int:  7    God:
Gold:   0          SH:  0    Dex: 11    Spells: 1/1 levels left

rFire   . . .      SeeInvis .   a - +0 hand axe
rCold   . . .      Faith    .   (no shield)
rNeg    . . .      Spirit   .   j - +0 scale mail
rPois   .          Reflect  .   (helmet restricted)
rElec   .          Harm     .   (no cloak)
rCorr   .          Rampage  .   (no gloves)
Will    .....                   (no boots)
Stlth   +.........              (no amulet)
HPRegen 0.09/turn               (no ring)
MPRegen 0.07/turn               (no ring)

@: no status effects
A: horns 2, retaliatory headbutt
a: no special abilities


You were on level 5 of the Dungeon.
You visited 1 branch of the dungeon, and saw 1 of its levels.

Inventory:

Hand Weapons
 a - a +0 hand axe (weapon)
Armour
 b - a +0 leather armour
 j - a +0 scale mail (worn)
Wands
 g - a wand of digging (3)
Scrolls
 c - a scroll of fog
 e - a scroll of fear
Potions
 f - a potion of haste
 h - a potion of resistance {unknown}
 i - a potion of flight {unknown}


   Skills:
 + Level 3.8 Fighting
 + Level 2.6 Axes
 + Level 2.2 Dodging
 + Level 4.6 Stealth


You had one spell level left.
You didn't know any spells.
Your spell library was empty.

Dungeon Overview and Level Annotations

Branches:
Dungeon (5/15)
 Temple: D:4-7

Altars:

Shops:
D:5 !

Annotations:
D:5 1 runed translucent door, Violens's ghost, amateur MiFi


Innate Abilities, Weirdness & Mutations

You have a pair of horns on your head.
You reflexively headbutt those who attack you in melee.


Message History

Found a blackened bone wand.
The adder hisses angrily.
Press: ? - help, v - describe, . - travel
Here: Violens's ghost (fire blocked by a runed translucent door) Some shallow water.
Press: ? - help, . - travel You can't see that place. [the floor.]
As you read the scroll of magic mapping, it crumbles to dust.
You feel aware of your surroundings.
You sensed 1 shop/portal.
You open the door.
A white imp comes into view.
Found Oply's Distillery.
Found a stone staircase leading up.
The white imp shouts, "Escape, thou bawdy spleeny gnoll-tail!"
The white imp gestures at you. The puff of frost hits you!
There is an open door here.
A water moccasin zombie comes into view.
The white imp gestures at you. The puff of frost misses you.
You closely miss the white imp. The white imp hits you.
The white imp freezes you.
You hit the white imp.
The white imp is moderately wounded.
The white imp hits you. The white imp freezes you.
* * * LOW HITPOINT WARNING * * *
You hit the white imp but do no damage.
You headbutt the white imp, but do no damage.
The white imp is moderately wounded.
The white imp barely misses you.
You closely miss the white imp.
The white imp is moderately wounded.
You completely miss the water moccasin zombie.
The white imp gestures at you. The puff of frost misses you.
The water moccasin zombie bites you.
* * * LOW HITPOINT WARNING * * *
You hit the white imp. You punch the white imp.
The white imp is almost dead.
You hit the water moccasin zombie. The water moccasin zombie bites you.
You die...

.......#≈≈≈#,,,,,,,,,,,,* *,,,,
....$..#BrB#............* *****
.......#WFS#............*
.......##+##............*
...........#............*
..........##.........<..*
........#'##............*
...........#.....Z......*
...........#∩...@5......* *******
...........###'#########***,,,,,,
............#..........,,,*,,,,,,
............#..........,,,*,,,,,,
.......................,,,*,,,,,,
...........#...........,,,*,,,,,,
...........#...........,,,*,,,,,,
...........##..........,,,*,,,,,,
...........''..........,,,*,,,,,,


You could see a white imp and a water moccasin zombie.

Vanquished Creatures
  A hound zombie (D:5)
  A white imp (D:5)
2 creatures vanquished.

Notes
Turn   | Place    | Note
-------+----------+-------------------------------------------
     0 | D:5      | cbfl8 the Minotaur Delver began the quest for the Orb.
     0 | D:5      | Reached XP level 1. HP: 19/19 MP: 0/0
    23 | D:5      | Reached XP level 2. HP: 23/27 MP: 1/1
   100 | D:5      | Found a runed translucent door.
   102 | D:5      | Noticed a bullfrog
   113 | D:5      | Noticed Violens's ghost (amateur MiFi)
   140 | D:5      | Found Oply's Distillery.
   148 | D:5      | Slain by a water moccasin zombie

Illustrated notes

Levels and vault maps discovered:
D:5:      layout_basic, serial_shops, shop, ebering_ghost_sewer_f, st_stairs_3

Action                   || total
-------------------------++-------
Melee: Hand axe          ||    13
       Headbutt          ||     4
       Punch             ||     1
  Use: Scroll            ||     1
Armor: Leather armour    ||     1
Dodge: Dodged            ||     9
